BlackHawks vs Avalanche

Created - 1 février 2021 at 22:08

Goals
1 2 3 T
BlackHawks 3 1 0 4
Avalanche 1 0 0 1
Shots
1 2 3 T
BlackHawks 10 12 13 35
Avalanche 10 11 14 35

1st period

1. BlackHawks , Kyle Palmieri 18 (Phil Kessel 17, Adam Larsson 9) at 0:52
2. BlackHawks , Brandon Carlo 4 (Phillip Danault 35, Kyle Palmieri 16) at 2:26 (PP)
3. BlackHawks , Phillip Danault 9 (Johnny Boychuk 5, Kyle Palmieri 17) at 9:51
4. Avalanche , Robby Fabbri 16 (Jake McCabe 13) at 16:57

Penalties :
Noah Juulsen (COL) for Roughing (Minor) at 1:57, Jake McCabe (COL) for Roughing (Minor) at 10:51

2nd period

5. BlackHawks , Anze Kopitar 27 (Brock Boeser 20, Erik Johnson 19) at 0:19

Penalties :
Anze Kopitar (CHI) for High sticking (Minor) at 12:07

3rd period

No Goal

Penalties :
Will Butcher (COL) for High sticking (Minor) at 4:13, Kyle Palmieri (CHI) for High sticking (Minor) at 9:16, Anze Kopitar (CHI) for Roughing (Double Minor) at 16:47

Goalie Stats

Jacob Markstrom (CHI), 34 saves from 35 shots - (0,971), W, 25-21-4, 60:00 minutes
Alexandar Georgiev (COL), 24 saves from 24 shots - (1,000), 39:41 minutes
Michael Dipietro (COL), 7 saves from 11 shots - (0,636), L, 3-2-2, 20:19 minutes

Players Stats for BlackHawks

Player Name              G  A  P  +/- PIM S  H  SB GA TA FO     MP     PP MP  PK MP  
------------------------------------------------------------------------------------
Adam Larsson             0  1  1   1  0   2  1  1  0  0  0/0    22:35   2:24   3:07 
Anze Kopitar             1  0  1   0  6   5  1  1  0  0  21/34  22:05   1:55   1:16 
Ben Hutton               0  0  0   1  0   0  0  1  0  0  0/0    12:32   0:00   0:21 
Brandon Carlo            1  0  1   1  0   1  0  1  0  0  0/0    22:35   2:24   3:07 
Brock Boeser             0  1  1   0  0   6  1  0  0  0  0/2    18:30   1:55   0:43 
Curtis Lazar             0  0  0   0  0   0  1  0  0  0  1/2    12:15   0:00   0:00 
Erik Johnson             0  1  1   0  0   1  1  1  0  0  0/0    24:53   2:03   3:42 
Ivan Barbashev           0  0  0   0  0   0  1  0  0  0  1/1     6:17   0:00   2:08 
Jaden Schwartz           0  0  0   0  0   4  0  0  0  0  0/0    20:28   1:55   2:41 
Jared McCann             0  0  0   0  0   0  0  0  0  0  3/4     4:50   0:00   0:41 
Johnny Boychuk           0  1  1   1  0   0  0  0  0  0  0/0    12:32   0:00   0:21 
Justin Faulk             0  0  0   0  0   2  2  0  0  0  0/0    24:53   2:03   3:42 
Kyle Palmieri            1  2  3   2  2   2  3  0  0  0  1/1    18:38   2:32   0:00 
Lawson Crouse            0  0  0   0  0   2  4  0  0  0  2/9    14:37   0:00   2:22 
Phil Kessel              0  1  1   2  0   4  0  0  0  0  0/1    19:13   2:32   0:34 
Phillip Danault          1  1  2   2  0   6  1  0  0  0  20/28  22:34   2:32   3:55 
Ryan Donato              0  0  0   0  0   0  0  0  0  0  0/0     1:05   0:00   0:00 
Scott Laughton           0  0  0   0  0   0  3  0  0  0  5/15   12:15   0:00   0:00 

Players Stats for Avalanche

Player Name              G  A  P  +/- PIM S  H  SB GA TA FO     MP     PP MP  PK MP  
------------------------------------------------------------------------------------
Adam Fox                 0  0  0  -1  0   0  2  3  0  0  0/0    20:58   3:11   2:14 
Andreas Athanasiou       0  0  0  -1  0   2  1  0  0  0  0/0    16:33   3:34   0:00 
Andreas Johnsson         0  0  0   0  0   0  0  0  0  0  0/0     5:09   0:00   0:00 
Brad Richardson          0  0  0  -1  0   6  1  0  0  0  0/0    18:07   3:34   1:34 
Casey Cizikas            0  0  0   0  0   2  3  0  0  0  17/32  22:58   3:27   2:53 
Dominik Kubalik          0  0  0   0  0   3  0  0  0  0  0/2    20:05   3:27   0:00 
Dylan Strome             0  0  0  -1  0   1  2  1  0  0  8/23   15:11   0:00   1:34 
Frank Vatrano            0  0  0  -1  0   1  3  0  0  0  0/1    13:46   0:09   0:00 
Jake McCabe              0  1  1  -1  2   2  1  1  0  0  0/0    24:53   3:59   1:02 
Justin Williams          0  0  0  -1  0   1  1  0  0  0  1/2    13:51   0:00   0:14 
Michael Anderson         0  0  0   0  0   0  0  2  0  0  0/0    15:05   0:00   2:08 
Noah Juulsen             0  0  0   0  2   1  1  0  0  0  0/0    13:05   0:09   0:00 
Robby Fabbri             1  0  1   0  0   4  0  0  0  0  0/1    20:05   3:27   0:00 
Ryan Dzingel             0  0  0   0  0   3  1  0  0  0  0/0     5:09   0:00   0:00 
Ryan Strome              0  0  0  -1  0   5  1  0  0  0  17/36  24:13   3:43   2:39 
Shayne Gostisbehere      0  0  0  -1  0   4  1  0  0  0  0/0    26:13   3:50   2:30 
Tobias Rieder            0  0  0   0  0   0  0  0  0  0  0/0     0:26   0:09   0:00 
Will Butcher             0  0  0  -1  2   0  3  0  0  0  0/0    19:43   3:11   1:00 

3 Stars

1 - Kyle Palmieri (CHI)
2 - Jacob Markstrom (CHI)
3 - Phillip Danault (CHI)

Power Play

BlackHawks - 1 on 3 Attempt(s) - 33,33%
Avalanche - 0 on 4 Attempt(s) - 0,00%

Penalty Kill

BlackHawks - 4 on 4 Attempt(s) - 100,00% - Score 0 goal in Penalty Kill
Avalanche - 2 on 3 Attempt(s) - 66,67% - Score 0 goal in Penalty Kill

Team Stat

BlackHawks - Hits : 19 - Faceoff Wins : 54 - Blocked Shots : 5 - Penalty Minutes : 8
Avalanche - Hits : 21 - Faceoff Wins : 43 - Blocked Shots : 7 - Penalty Minutes : 6

Official

Referees : Marc Joannette and Garrett Rank
Linesman : Steve Barton and Ryan Gibbons

Game Notes

Alexandar Georgiev enters game at 0:19 of 2nd period

Finance

Level 1 -- Attendance: 5865 (90,23%) -- Ticket Income 598 230 $
Level 2 -- Attendance: 5000 (100,00%) -- Ticket Income 375 000 $
Level 3 -- Attendance: 3007 (85,91%) -- Ticket Income 165 385 $
Level 4 -- Attendance: 2007 (100,00%) -- Ticket Income 90 315 $
Luxury Box -- Attendance: 959 (95,90%) -- Ticket Income 191 800 $
Game was played at the Pepsi Center.
Total Attendance: 16838 (93,51%)
Total Ticket Income: 1 420 730 $
Other Income: 696 158 $
Total Income: 2 116 888 $

% Time on Ice - BlackHawks

Lines # - Real PCT - Wanted PCT - Time Play
Normal Forward
1 - 33% - 40% - 15:52
2 - 33% - 30% - 16:07
3 - 25% - 20% - 12:15
4 - 9% - 10% - 4:09
Normal Defense
1 - 37% - 40% - 17:53
2 - 35% - 30% - 17:04
3 - 25% - 20% - 12:11
4 - 3% - 10% - 1:15
PP Forward
1 - 43% - 60% - 1:55
2 - 57% - 40% - 2:32
PP Defense
1 - 46% - 60% - 2:03
2 - 54% - 40% - 2:24
PK Forward
1 - 90% - 60% - 6:27
2 - 10% - 40% - 0:43
PK Defense
1 - 57% - 60% - 4:03
2 - 43% - 40% - 3:07
PK3 Forward
1 - 0% - 60%
2 - 0% - 40%
PK3 Defense
1 - 0% - 60%
2 - 0% - 40%
44 Forward
1 - 0% - 60%
2 - 0% - 40%
44 Defense
1 - 0% - 60%
2 - 0% - 40%
Last Minute Offensive  - 0:00
Last Minute Defensive  - 0:00
Total
Forward - 60:00
Defense - 60:00

% Time on Ice - Avalanche

Lines # - Real PCT - Wanted PCT - Time Play
Normal Forward
1 - 27% - 40% - 12:59
2 - 34% - 30% - 16:38
3 - 28% - 20% - 13:37
4 - 11% - 10% - 5:09
Normal Defense
1 - 37% - 40% - 18:00
2 - 32% - 30% - 15:33
3 - 27% - 20% - 12:57
4 - 4% - 10% - 1:53
PP Forward
1 - 52% - 60% - 3:43
2 - 48% - 40% - 3:27
PP Defense
1 - 56% - 60% - 3:59
2 - 44% - 40% - 3:11
PK Forward
1 - 65% - 60% - 2:53
2 - 35% - 40% - 1:34
PK Defense
1 - 56% - 60% - 2:30
2 - 44% - 40% - 1:57
PK3 Forward
1 - 0% - 60%
2 - 0% - 40%
PK3 Defense
1 - 0% - 60%
2 - 0% - 40%
44 Forward
1 - 0% - 60%
2 - 0% - 40%
44 Defense
1 - 0% - 60%
2 - 0% - 40%
Last Minute Offensive  - 0:00
Last Minute Defensive  - 0:00
Total
Forward - 60:00
Defense - 60:00

Play-by-Play

1st period


0:01 of 1st period - Ryan Strome wins face-off versus Anze Kopitar in neutral zone.
0:01 of 1st period - Ryan Strome is hit by Anze Kopitar.
0:06 of 1st period - Icing by Jaden Schwartz.
0:07 of 1st period - Anze Kopitar wins face-off versus Casey Cizikas in BlackHawks zone.
0:22 of 1st period - Icing by Will Butcher.
0:23 of 1st period - Phillip Danault wins face-off versus Casey Cizikas in Avalanche zone.
0:34 of 1st period - Shot by Phil Kessel.
0:34 of 1st period - Shot Misses the Net.
0:52 of 1st period - Shot by Kyle Palmieri.
0:52 of 1st period - Goal by Kyle Palmieri - BlackHawks : 1 - Avalanche : 0.
0:53 of 1st period - Ryan Strome wins face-off versus Scott Laughton in neutral zone.
1:44 of 1st period - Andreas Athanasiou is hit by Erik Johnson and loses puck.
1:52 of 1st period - Icing by Justin Faulk.
1:53 of 1st period - Anze Kopitar wins face-off versus Dylan Strome in BlackHawks zone.
1:57 of 1st period - Minor Penalty to Noah Juulsen for Roughing.
1:58 of 1st period - Ryan Strome wins face-off versus Phillip Danault in Avalanche zone.
1:58 of 1st period - Ryan Strome is hit by Kyle Palmieri.
2:26 of 1st period - Shot by Brandon Carlo.
2:26 of 1st period - Goal by Brandon Carlo - BlackHawks : 2 - Avalanche : 0.
2:27 of 1st period - Dylan Strome wins face-off versus Jared McCann in neutral zone.
3:02 of 1st period - Erik Johnson is hit by Frank Vatrano and loses puck.
3:13 of 1st period - Frank Vatrano is hit by Ivan Barbashev and loses puck.
3:46 of 1st period - Shot by Phillip Danault.
3:46 of 1st period - Stopped by Michael Dipietro without a rebound.
3:47 of 1st period - Scott Laughton wins face-off versus Ryan Strome in Avalanche zone.
3:47 of 1st period - Lawson Crouse is hit by Adam Fox and loses puck.
3:58 of 1st period - Shot by Andreas Athanasiou.
3:58 of 1st period - Shot Misses the Net.
4:00 of 1st period - Shot by Brad Richardson.
4:00 of 1st period - Stopped by Jacob Markstrom without a rebound.
4:01 of 1st period - Casey Cizikas wins face-off versus Anze Kopitar in BlackHawks zone.
4:24 of 1st period - Shot by Anze Kopitar.
4:24 of 1st period - Stopped by Michael Dipietro without a rebound.
4:25 of 1st period - Ryan Strome wins face-off versus Phillip Danault in Avalanche zone.
4:34 of 1st period - Erik Johnson is hit by Ryan Strome and loses puck.
4:43 of 1st period - Shot by Ryan Strome.
4:43 of 1st period - Stopped by Jacob Markstrom without a rebound.
4:44 of 1st period - Casey Cizikas wins face-off versus Scott Laughton in BlackHawks zone.
4:57 of 1st period - Shot by Curtis Lazar.
4:57 of 1st period - Shot Misses the Net.
5:00 of 1st period - Icing by Jake McCabe.
5:01 of 1st period - Casey Cizikas wins face-off versus Anze Kopitar in Avalanche zone.
5:39 of 1st period - Shot by Anze Kopitar.
5:39 of 1st period - Stopped by Michael Dipietro without a rebound.
5:40 of 1st period - Phillip Danault wins face-off versus Ryan Strome in Avalanche zone.
5:45 of 1st period - Shot by Kyle Palmieri.
5:45 of 1st period - Shot Misses the Net.
6:35 of 1st period - Icing by Adam Larsson.
6:36 of 1st period - Phillip Danault wins face-off versus Dylan Strome in BlackHawks zone.
6:36 of 1st period - Phillip Danault is hit by Dylan Strome.
7:15 of 1st period - Erik Johnson is hit by Justin Williams and loses puck.
7:23 of 1st period - Jaden Schwartz is hit by Noah Juulsen and loses puck.
7:28 of 1st period - Shot by Anze Kopitar.
7:28 of 1st period - Shot Blocked by Dylan Strome.
7:30 of 1st period - Shot by Justin Faulk.
7:30 of 1st period - Stopped by Michael Dipietro without a rebound.
7:31 of 1st period - Ryan Strome wins face-off versus Lawson Crouse in Avalanche zone.
7:50 of 1st period - Shayne Gostisbehere is hit by Lawson Crouse and loses puck.
7:57 of 1st period - Shot by Lawson Crouse.
7:57 of 1st period - Shot Blocked by Jake McCabe.
8:30 of 1st period - Jaden Schwartz is hit by Will Butcher and loses puck.
8:49 of 1st period - Shot by Brock Boeser.
8:49 of 1st period - Shot Misses the Net.
8:59 of 1st period - Shot by Jaden Schwartz.
8:59 of 1st period - Deflect By Brock Boeser.
8:59 of 1st period - Shot Misses the Net.
9:34 of 1st period - Shot by Andreas Athanasiou.
9:34 of 1st period - Shot Misses the Net.
9:36 of 1st period - Shot by Brad Richardson.
9:36 of 1st period - Shot Blocked by Adam Larsson.
9:38 of 1st period - Shot by Brad Richardson.
9:38 of 1st period - Stopped by Jacob Markstrom without a rebound.
9:39 of 1st period - Phillip Danault wins face-off versus Dylan Strome in BlackHawks zone.
9:39 of 1st period - Phillip Danault is hit by Frank Vatrano.
9:47 of 1st period - Shot by Kyle Palmieri.
9:47 of 1st period - Shot Misses the Net.
9:49 of 1st period - Shot by Johnny Boychuk.
9:49 of 1st period - Shot Misses the Net.
9:51 of 1st period - Shot by Phillip Danault.
9:51 of 1st period - Goal by Phillip Danault - BlackHawks : 3 - Avalanche : 0.
9:52 of 1st period - Dylan Strome wins face-off versus Scott Laughton in neutral zone.
10:16 of 1st period - Shot by Lawson Crouse.
10:16 of 1st period - Shot Misses the Net.
10:18 of 1st period - Shot by Curtis Lazar.
10:18 of 1st period - Shot Misses the Net.
10:51 of 1st period - Minor Penalty to Jake McCabe for Roughing.
10:52 of 1st period - Anze Kopitar wins face-off versus Ryan Strome in Avalanche zone.
10:53 of 1st period - Shot by Brock Boeser.
10:53 of 1st period - Stopped by Michael Dipietro without a rebound.
10:54 of 1st period - Ryan Strome wins face-off versus Anze Kopitar in Avalanche zone.
11:11 of 1st period - Shot by Jaden Schwartz.
11:11 of 1st period - Shot Blocked by Michael Anderson.
11:27 of 1st period - Shot by Adam Larsson.
11:27 of 1st period - Stopped by Michael Dipietro with a rebound.
11:29 of 1st period - Shot by Jaden Schwartz.
11:29 of 1st period - Stopped by Michael Dipietro without a rebound.
11:30 of 1st period - Phillip Danault wins face-off versus Dylan Strome in Avalanche zone.
12:04 of 1st period - Icing by Erik Johnson.
12:05 of 1st period - Phillip Danault wins face-off versus Ryan Strome in BlackHawks zone.
12:33 of 1st period - Icing by Brandon Carlo.
12:34 of 1st period - Anze Kopitar wins face-off versus Dylan Strome in BlackHawks zone.
13:06 of 1st period - Ryan Dzingel is hit by Lawson Crouse and loses puck.
13:11 of 1st period - Shot by Ryan Dzingel.
13:11 of 1st period - Stopped by Jacob Markstrom without a rebound.
13:12 of 1st period - Justin Williams wins face-off versus Anze Kopitar in BlackHawks zone.
13:33 of 1st period - Off-side.
13:34 of 1st period - Phillip Danault wins face-off versus Robby Fabbri in neutral zone.
13:51 of 1st period - Shot by Shayne Gostisbehere.
13:51 of 1st period - Stopped by Jacob Markstrom without a rebound.
13:52 of 1st period - Anze Kopitar wins face-off versus Ryan Strome in BlackHawks zone.
13:52 of 1st period - Anze Kopitar is hit by Brad Richardson.
14:03 of 1st period - Erik Johnson is hit by Will Butcher and loses puck.
14:18 of 1st period - Shot by Brad Richardson.
14:18 of 1st period - Stopped by Jacob Markstrom without a rebound.
14:19 of 1st period - Casey Cizikas wins face-off versus Phillip Danault in BlackHawks zone.
14:24 of 1st period - Shot by Casey Cizikas.
14:24 of 1st period - Stopped by Jacob Markstrom without a rebound.
14:25 of 1st period - Phillip Danault wins face-off versus Casey Cizikas in BlackHawks zone.
16:57 of 1st period - Shot by Robby Fabbri.
16:57 of 1st period - Goal by Robby Fabbri - BlackHawks : 3 - Avalanche : 1.
16:58 of 1st period - Ryan Strome wins face-off versus Scott Laughton in neutral zone.
18:12 of 1st period - Icing by Erik Johnson.
18:13 of 1st period - Jared McCann wins face-off versus Frank Vatrano in BlackHawks zone.
19:14 of 1st period - Shot by Ryan Strome.
19:14 of 1st period - Stopped by Jacob Markstrom without a rebound.
19:15 of 1st period - Scott Laughton wins face-off versus Casey Cizikas in BlackHawks zone.
19:41 of 1st period - Icing by Shayne Gostisbehere.
19:42 of 1st period - Phillip Danault wins face-off versus Casey Cizikas in Avalanche zone.
19:52 of 1st period - Dominik Kubalik is hit by Justin Faulk.
19:56 of 1st period - Shot by Robby Fabbri.
19:56 of 1st period - Stopped by Jacob Markstrom without a rebound.
19:57 of 1st period - Anze Kopitar wins face-off versus Ryan Strome in BlackHawks zone.
Goals for this period are 3 for BlackHawks vs 1 for Avalanche.
Shots for this period are 10 for BlackHawks vs 10 for Avalanche.

2nd period


0:01 of 2nd period - Anze Kopitar wins face-off versus Ryan Strome in neutral zone.
0:19 of 2nd period - Shot by Anze Kopitar.
0:19 of 2nd period - Goal by Anze Kopitar - BlackHawks : 4 - Avalanche : 1.
0:19 of 2nd period - Alexandar Georgiev enters game.
0:20 of 2nd period - Kyle Palmieri wins face-off versus Casey Cizikas in neutral zone.
0:25 of 2nd period - Shot by Phillip Danault.
0:25 of 2nd period - Shot Misses the Net.
0:37 of 2nd period - Shot by Kyle Palmieri.
0:37 of 2nd period - Stopped by Alexandar Georgiev without a rebound.
0:38 of 2nd period - Ryan Strome wins face-off versus Anze Kopitar in Avalanche zone.
1:12 of 2nd period - Shot by Anze Kopitar.
1:12 of 2nd period - Deflect By Jaden Schwartz.
1:12 of 2nd period - Shot Misses the Net.
1:14 of 2nd period - Shot by Justin Faulk.
1:14 of 2nd period - Stopped by Alexandar Georgiev without a rebound.
1:15 of 2nd period - Phillip Danault wins face-off versus Casey Cizikas in Avalanche zone.
1:19 of 2nd period - Phil Kessel is hit by Adam Fox and loses puck.
1:26 of 2nd period - Shot by Phillip Danault.
1:26 of 2nd period - Stopped by Alexandar Georgiev with a rebound.
1:28 of 2nd period - Shot by Phil Kessel.
1:28 of 2nd period - Stopped by Alexandar Georgiev without a rebound.
1:29 of 2nd period - Dylan Strome wins face-off versus Scott Laughton in Avalanche zone.
1:29 of 2nd period - Dylan Strome is hit by Curtis Lazar.
1:50 of 2nd period - Off-side.
1:51 of 2nd period - Ryan Strome wins face-off versus Brock Boeser in neutral zone.
2:14 of 2nd period - Shot by Andreas Athanasiou.
2:14 of 2nd period - Stopped by Jacob Markstrom without a rebound.
2:15 of 2nd period - Phillip Danault wins face-off versus Casey Cizikas in BlackHawks zone.
2:26 of 2nd period - Shot by Phillip Danault.
2:26 of 2nd period - Stopped by Alexandar Georgiev without a rebound.
2:27 of 2nd period - Ryan Strome wins face-off versus Anze Kopitar in Avalanche zone.
2:39 of 2nd period - Shot by Brock Boeser.
2:39 of 2nd period - Stopped by Alexandar Georgiev with a rebound.
2:59 of 2nd period - Off-side.
3:00 of 2nd period - Phillip Danault wins face-off versus Casey Cizikas in neutral zone.
3:15 of 2nd period - Shot by Phil Kessel.
3:15 of 2nd period - Shot Blocked by Adam Fox.
3:17 of 2nd period - Shot by Phillip Danault.
3:17 of 2nd period - Stopped by Alexandar Georgiev without a rebound.
3:18 of 2nd period - Scott Laughton wins face-off versus Dylan Strome in Avalanche zone.
3:32 of 2nd period - Shot by Dylan Strome.
3:32 of 2nd period - Shot Misses the Net.
4:51 of 2nd period - Shot by Ryan Strome.
4:51 of 2nd period - Stopped by Jacob Markstrom with a rebound.
5:08 of 2nd period - Shot by Brad Richardson.
5:08 of 2nd period - Stopped by Jacob Markstrom without a rebound.
5:09 of 2nd period - Casey Cizikas wins face-off versus Phillip Danault in BlackHawks zone.
6:08 of 2nd period - Shot by Brad Richardson.
6:08 of 2nd period - Shot Misses the Net.
6:57 of 2nd period - Shot by Andreas Johnsson.
6:57 of 2nd period - Deflect By Ryan Dzingel.
6:57 of 2nd period - Stopped by Jacob Markstrom without a rebound.
6:58 of 2nd period - Ryan Strome wins face-off versus Anze Kopitar in BlackHawks zone.
7:01 of 2nd period - Shot by Andreas Johnsson.
7:01 of 2nd period - Shot Misses the Net.
7:03 of 2nd period - Shot by Noah Juulsen.
7:03 of 2nd period - Stopped by Jacob Markstrom without a rebound.
7:04 of 2nd period - Anze Kopitar wins face-off versus Justin Williams in BlackHawks zone.
7:04 of 2nd period - Anze Kopitar is hit by Dylan Strome.
7:21 of 2nd period - Justin Williams is hit by Justin Faulk and loses puck.
7:46 of 2nd period - Icing by Casey Cizikas.
7:47 of 2nd period - Casey Cizikas wins face-off versus Scott Laughton in Avalanche zone.
8:50 of 2nd period - Icing by Will Butcher.
8:51 of 2nd period - Ryan Strome wins face-off versus Brock Boeser in Avalanche zone.
8:58 of 2nd period - Icing by Brandon Carlo.
8:59 of 2nd period - Dylan Strome wins face-off versus Anze Kopitar in BlackHawks zone.
10:31 of 2nd period - Shayne Gostisbehere is hit by Scott Laughton and loses puck.
10:40 of 2nd period - Erik Johnson is hit by Casey Cizikas and loses puck.
10:49 of 2nd period - Shot by Dominik Kubalik.
10:49 of 2nd period - Shot Misses the Net.
10:53 of 2nd period - Shot by Casey Cizikas.
10:53 of 2nd period - Stopped by Jacob Markstrom without a rebound.
10:54 of 2nd period - Anze Kopitar wins face-off versus Ryan Strome in BlackHawks zone.
10:54 of 2nd period - Anze Kopitar is hit by Ryan Dzingel.
11:11 of 2nd period - Icing by Adam Larsson.
11:12 of 2nd period - Anze Kopitar wins face-off versus Dylan Strome in BlackHawks zone.
11:23 of 2nd period - Shot by Brock Boeser.
11:23 of 2nd period - Stopped by Alexandar Georgiev without a rebound.
11:24 of 2nd period - Phillip Danault wins face-off versus Casey Cizikas in Avalanche zone.
11:25 of 2nd period - Shot by Phil Kessel.
11:25 of 2nd period - Stopped by Alexandar Georgiev without a rebound.
11:26 of 2nd period - Casey Cizikas wins face-off versus Phil Kessel in Avalanche zone.
11:35 of 2nd period - Shot by Phil Kessel.
11:35 of 2nd period - Stopped by Alexandar Georgiev with a rebound.
11:42 of 2nd period - Off-side.
11:43 of 2nd period - Anze Kopitar wins face-off versus Ryan Strome in neutral zone.
12:06 of 2nd period - Shot by Brock Boeser.
12:06 of 2nd period - Shot Misses the Net.
12:07 of 2nd period - Minor Penalty to Anze Kopitar for High sticking.
12:08 of 2nd period - Lawson Crouse wins face-off versus Casey Cizikas in BlackHawks zone.
12:08 of 2nd period - Lawson Crouse is hit by Casey Cizikas.
12:14 of 2nd period - Shot by Casey Cizikas.
12:14 of 2nd period - Shot Misses the Net.
12:25 of 2nd period - Icing by Casey Cizikas.
12:26 of 2nd period - Casey Cizikas wins face-off versus Lawson Crouse in Avalanche zone.
12:37 of 2nd period - Shot by Casey Cizikas.
12:37 of 2nd period - Shot Misses the Net.
12:39 of 2nd period - Shot by Jake McCabe.
12:39 of 2nd period - Stopped by Jacob Markstrom without a rebound.
12:40 of 2nd period - Ryan Strome wins face-off versus Lawson Crouse in BlackHawks zone.
12:43 of 2nd period - Shot by Will Butcher.
12:43 of 2nd period - Shot Blocked by Erik Johnson.
13:50 of 2nd period - Icing by Robby Fabbri.
13:51 of 2nd period - Casey Cizikas wins face-off versus Lawson Crouse in Avalanche zone.
13:51 of 2nd period - Casey Cizikas is hit by Lawson Crouse.
14:03 of 2nd period - Shot by Dominik Kubalik.
14:03 of 2nd period - Stopped by Jacob Markstrom without a rebound.
14:04 of 2nd period - Ivan Barbashev wins face-off versus Ryan Strome in BlackHawks zone.
14:20 of 2nd period - Shot by Dylan Strome.
14:20 of 2nd period - Shot Misses the Net.
14:31 of 2nd period - Shot by Dylan Strome.
14:31 of 2nd period - Stopped by Jacob Markstrom without a rebound.
14:32 of 2nd period - Casey Cizikas wins face-off versus Scott Laughton in BlackHawks zone.
14:47 of 2nd period - Icing by Dominik Kubalik.
14:48 of 2nd period - Jared McCann wins face-off versus Casey Cizikas in Avalanche zone.
14:48 of 2nd period - Jared McCann is hit by Jake McCabe.
14:52 of 2nd period - Shot by Anze Kopitar.
14:52 of 2nd period - Shot Misses the Net.
15:02 of 2nd period - Shot by Casey Cizikas.
15:02 of 2nd period - Deflect By Robby Fabbri.
15:02 of 2nd period - Shot Misses the Net.
15:04 of 2nd period - Shot by Jake McCabe.
15:04 of 2nd period - Shot Misses the Net.
15:49 of 2nd period - Shot by Andreas Athanasiou.
15:49 of 2nd period - Shot Misses the Net.
15:59 of 2nd period - Shot by Brad Richardson.
15:59 of 2nd period - Stopped by Jacob Markstrom with a rebound.
16:08 of 2nd period - Off-side.
16:09 of 2nd period - Scott Laughton wins face-off versus Dylan Strome in neutral zone.
17:03 of 2nd period - Icing by Dylan Strome.
17:04 of 2nd period - Dylan Strome wins face-off versus Phillip Danault in Avalanche zone.
17:28 of 2nd period - Phil Kessel is hit by Shayne Gostisbehere and loses puck.
18:09 of 2nd period - Shot by Robby Fabbri.
18:09 of 2nd period - Stopped by Jacob Markstrom without a rebound.
18:10 of 2nd period - Anze Kopitar wins face-off versus Dominik Kubalik in BlackHawks zone.
18:20 of 2nd period - Off-side.
18:21 of 2nd period - Casey Cizikas wins face-off versus Curtis Lazar in neutral zone.
19:44 of 2nd period - Shot by Anze Kopitar.
19:44 of 2nd period - Stopped by Alexandar Georgiev without a rebound.
19:45 of 2nd period - Phillip Danault wins face-off versus Dylan Strome in Avalanche zone.
Goals for this period are 1 for BlackHawks vs 0 for Avalanche.
Shots for this period are 12 for BlackHawks vs 11 for Avalanche.

3rd period


0:01 of 3rd period - Anze Kopitar wins face-off versus Ryan Strome in neutral zone.
0:30 of 3rd period - Anze Kopitar is hit by Andreas Athanasiou and loses puck.
2:03 of 3rd period - Shot by Lawson Crouse.
2:03 of 3rd period - Shot Blocked by Michael Anderson.
2:11 of 3rd period - Shot by Dylan Strome.
2:11 of 3rd period - Shot Blocked by Ben Hutton.
2:49 of 3rd period - Icing by Jake McCabe.
2:50 of 3rd period - Anze Kopitar wins face-off versus Ryan Strome in Avalanche zone.
2:58 of 3rd period - Icing by Shayne Gostisbehere.
2:59 of 3rd period - Phillip Danault wins face-off versus Ryan Strome in Avalanche zone.
3:06 of 3rd period - Shot by Phil Kessel.
3:06 of 3rd period - Shot Misses the Net.
3:40 of 3rd period - Shot by Dominik Kubalik.
3:40 of 3rd period - Stopped by Jacob Markstrom without a rebound.
3:41 of 3rd period - Anze Kopitar wins face-off versus Dylan Strome in BlackHawks zone.
3:56 of 3rd period - Shot by Brock Boeser.
3:56 of 3rd period - Stopped by Alexandar Georgiev without a rebound.
3:57 of 3rd period - Casey Cizikas wins face-off versus Lawson Crouse in Avalanche zone.
3:57 of 3rd period - Casey Cizikas is hit by Scott Laughton.
4:13 of 3rd period - Minor Penalty to Will Butcher for High sticking.
4:14 of 3rd period - Ryan Strome wins face-off versus Anze Kopitar in Avalanche zone.
4:31 of 3rd period - Shot by Jaden Schwartz.
4:31 of 3rd period - Stopped by Alexandar Georgiev without a rebound.
4:32 of 3rd period - Ryan Strome wins face-off versus Phillip Danault in Avalanche zone.
5:12 of 3rd period - Shot by Erik Johnson.
5:12 of 3rd period - Stopped by Alexandar Georgiev without a rebound.
5:13 of 3rd period - Dylan Strome wins face-off versus Anze Kopitar in Avalanche zone.
5:43 of 3rd period - Shot by Jaden Schwartz.
5:43 of 3rd period - Stopped by Alexandar Georgiev with a rebound.
5:45 of 3rd period - Shot by Anze Kopitar.
5:45 of 3rd period - Deflect By Brock Boeser.
5:45 of 3rd period - Stopped by Alexandar Georgiev without a rebound.
5:46 of 3rd period - Phillip Danault wins face-off versus Dylan Strome in Avalanche zone.
5:47 of 3rd period - Shot by Phil Kessel.
5:47 of 3rd period - Shot Misses the Net.
6:07 of 3rd period - Shot by Phillip Danault.
6:07 of 3rd period - Shot Misses the Net.
6:09 of 3rd period - Shot by Phillip Danault.
6:09 of 3rd period - Shot Misses the Net.
6:11 of 3rd period - Shot by Phil Kessel.
6:11 of 3rd period - Stopped by Alexandar Georgiev with a rebound.
6:13 of 3rd period - Shot by Phil Kessel.
6:13 of 3rd period - Shot Misses the Net.
6:28 of 3rd period - Shot by Ryan Dzingel.
6:28 of 3rd period - Stopped by Jacob Markstrom without a rebound.
6:29 of 3rd period - Anze Kopitar wins face-off versus Dylan Strome in BlackHawks zone.
6:42 of 3rd period - Shot by Jaden Schwartz.
6:42 of 3rd period - Shot Misses the Net.
6:52 of 3rd period - Shot by Adam Fox.
6:52 of 3rd period - Shot Blocked by Anze Kopitar.
6:54 of 3rd period - Shot by Frank Vatrano.
6:54 of 3rd period - Shot Misses the Net.
7:04 of 3rd period - Jaden Schwartz is hit by Frank Vatrano and loses puck.
7:28 of 3rd period - Icing by Brandon Carlo.
7:29 of 3rd period - Casey Cizikas wins face-off versus Anze Kopitar in BlackHawks zone.
7:29 of 3rd period - Robby Fabbri is hit by Adam Larsson and loses puck.
7:48 of 3rd period - Shot by Robby Fabbri.
7:48 of 3rd period - Stopped by Jacob Markstrom without a rebound.
7:49 of 3rd period - Phillip Danault wins face-off versus Ryan Strome in BlackHawks zone.
8:09 of 3rd period - Shot by Ryan Strome.
8:09 of 3rd period - Deflect By Andreas Athanasiou.
8:09 of 3rd period - Stopped by Jacob Markstrom with a rebound.
8:11 of 3rd period - Shot by Shayne Gostisbehere.
8:11 of 3rd period - Stopped by Jacob Markstrom without a rebound.
8:12 of 3rd period - Curtis Lazar wins face-off versus Casey Cizikas in BlackHawks zone.
8:20 of 3rd period - Lawson Crouse is hit by Will Butcher and loses puck.
8:33 of 3rd period - Shot by Scott Laughton.
8:33 of 3rd period - Shot Misses the Net.
8:35 of 3rd period - Shot by Scott Laughton.
8:35 of 3rd period - Shot Blocked by Adam Fox.
8:37 of 3rd period - Shot by Lawson Crouse.
8:37 of 3rd period - Shot Misses the Net.
8:39 of 3rd period - Shot by Lawson Crouse.
8:39 of 3rd period - Stopped by Alexandar Georgiev with a rebound.
8:41 of 3rd period - Shot by Lawson Crouse.
8:41 of 3rd period - Stopped by Alexandar Georgiev without a rebound.
8:42 of 3rd period - Phillip Danault wins face-off versus Ryan Strome in Avalanche zone.
9:00 of 3rd period - Icing by Phillip Danault.
9:01 of 3rd period - Dylan Strome wins face-off versus Phillip Danault in BlackHawks zone.
9:04 of 3rd period - Shot by Justin Williams.
9:04 of 3rd period - Shot Misses the Net.
9:07 of 3rd period - Icing by Phillip Danault.
9:08 of 3rd period - Phillip Danault wins face-off versus Ryan Strome in BlackHawks zone.
9:15 of 3rd period - Jake McCabe is hit by Kyle Palmieri and loses puck.
9:16 of 3rd period - Minor Penalty to Kyle Palmieri for High sticking.
9:17 of 3rd period - Anze Kopitar wins face-off versus Ryan Strome in BlackHawks zone.
9:45 of 3rd period - Shot by Shayne Gostisbehere.
9:45 of 3rd period - Stopped by Jacob Markstrom with a rebound.
9:47 of 3rd period - Shot by Brad Richardson.
9:47 of 3rd period - Shot Misses the Net.
9:49 of 3rd period - Shot by Brad Richardson.
9:49 of 3rd period - Shot Misses the Net.
9:51 of 3rd period - Shot by Brad Richardson.
9:51 of 3rd period - Stopped by Jacob Markstrom without a rebound.
9:52 of 3rd period - Anze Kopitar wins face-off versus Casey Cizikas in BlackHawks zone.
9:52 of 3rd period - Anze Kopitar is hit by Casey Cizikas.
10:45 of 3rd period - Shot by Shayne Gostisbehere.
10:45 of 3rd period - Shot Misses the Net.
10:47 of 3rd period - Shot by Ryan Strome.
10:47 of 3rd period - Shot Misses the Net.
10:49 of 3rd period - Shot by Brad Richardson.
10:49 of 3rd period - Shot Misses the Net.
10:51 of 3rd period - Shot by Ryan Strome.
10:51 of 3rd period - Stopped by Jacob Markstrom with a rebound.
10:53 of 3rd period - Shot by Ryan Strome.
10:53 of 3rd period - Shot Blocked by Brandon Carlo.
10:55 of 3rd period - Shot by Jake McCabe.
10:55 of 3rd period - Stopped by Jacob Markstrom without a rebound.
10:56 of 3rd period - Anze Kopitar wins face-off versus Ryan Strome in BlackHawks zone.
11:13 of 3rd period - Shot by Shayne Gostisbehere.
11:13 of 3rd period - Shot Misses the Net.
11:15 of 3rd period - Shot by Shayne Gostisbehere.
11:15 of 3rd period - Stopped by Jacob Markstrom without a rebound.
11:16 of 3rd period - Dylan Strome wins face-off versus Scott Laughton in BlackHawks zone.
12:02 of 3rd period - Off-side.
12:03 of 3rd period - Anze Kopitar wins face-off versus Dominik Kubalik in neutral zone.
12:14 of 3rd period - Shot by Jaden Schwartz.
12:14 of 3rd period - Stopped by Alexandar Georgiev with a rebound.
12:20 of 3rd period - Shayne Gostisbehere is hit by Brock Boeser and loses puck.
12:40 of 3rd period - Shot by Dominik Kubalik.
12:40 of 3rd period - Shot Misses the Net.
13:26 of 3rd period - Shot by Phillip Danault.
13:26 of 3rd period - Stopped by Alexandar Georgiev without a rebound.
13:27 of 3rd period - Scott Laughton wins face-off versus Dylan Strome in Avalanche zone.
13:43 of 3rd period - Icing by Noah Juulsen.
13:44 of 3rd period - Jared McCann wins face-off versus Dylan Strome in Avalanche zone.
13:47 of 3rd period - Shot by Anze Kopitar.
13:47 of 3rd period - Deflect By Ivan Barbashev.
13:47 of 3rd period - Shot Misses the Net.
13:49 of 3rd period - Shot by Anze Kopitar.
13:49 of 3rd period - Stopped by Alexandar Georgiev with a rebound.
13:51 of 3rd period - Shot by Anze Kopitar.
13:51 of 3rd period - Shot Misses the Net.
13:53 of 3rd period - Shot by Ivan Barbashev.
13:53 of 3rd period - Shot Misses the Net.
13:55 of 3rd period - Shot by Adam Larsson.
13:55 of 3rd period - Stopped by Alexandar Georgiev without a rebound.
13:56 of 3rd period - Casey Cizikas wins face-off versus Phillip Danault in Avalanche zone.
13:56 of 3rd period - Casey Cizikas is hit by Kyle Palmieri.
14:01 of 3rd period - Dominik Kubalik is hit by Phillip Danault and loses puck.
15:12 of 3rd period - Icing by Jake McCabe.
15:13 of 3rd period - Casey Cizikas wins face-off versus Scott Laughton in Avalanche zone.
15:13 of 3rd period - Casey Cizikas is hit by Scott Laughton.
15:16 of 3rd period - Icing by Shayne Gostisbehere.
15:17 of 3rd period - Casey Cizikas wins face-off versus Scott Laughton in Avalanche zone.
15:17 of 3rd period - Casey Cizikas is hit by Lawson Crouse.
15:20 of 3rd period - Icing by Dominik Kubalik.
15:21 of 3rd period - Casey Cizikas wins face-off versus Anze Kopitar in Avalanche zone.
15:28 of 3rd period - Shot by Jaden Schwartz.
15:28 of 3rd period - Shot Misses the Net.
15:34 of 3rd period - Shot by Brock Boeser.
15:34 of 3rd period - Stopped by Alexandar Georgiev without a rebound.
15:35 of 3rd period - Phillip Danault wins face-off versus Ryan Strome in Avalanche zone.
15:46 of 3rd period - Shot by Phillip Danault.
15:46 of 3rd period - Shot Blocked by Adam Fox.
16:02 of 3rd period - Shot by Ryan Strome.
16:02 of 3rd period - Shot Misses the Net.
16:30 of 3rd period - Shot by Frank Vatrano.
16:30 of 3rd period - Stopped by Jacob Markstrom with a rebound.
16:32 of 3rd period - Shot by Justin Williams.
16:32 of 3rd period - Stopped by Jacob Markstrom without a rebound.
16:33 of 3rd period - Anze Kopitar wins face-off versus Dylan Strome in BlackHawks zone.
16:42 of 3rd period - Shot by Brock Boeser.
16:42 of 3rd period - Shot Misses the Net.
16:47 of 3rd period - Double Minor Penalty to Anze Kopitar for Roughing.
16:48 of 3rd period - Ryan Strome wins face-off versus Lawson Crouse in BlackHawks zone.
17:35 of 3rd period - Shot by Adam Fox.
17:35 of 3rd period - Deflect By Dominik Kubalik.
17:35 of 3rd period - Stopped by Jacob Markstrom without a rebound.
17:36 of 3rd period - Lawson Crouse wins face-off versus Casey Cizikas in BlackHawks zone.
18:39 of 3rd period - Shot by Ryan Strome.
18:39 of 3rd period - Stopped by Jacob Markstrom without a rebound.
18:40 of 3rd period - Ryan Strome wins face-off versus Lawson Crouse in BlackHawks zone.
19:07 of 3rd period - Shot by Shayne Gostisbehere.
19:07 of 3rd period - Shot Misses the Net.
Goals for this period are 0 for BlackHawks vs 0 for Avalanche.
Shots for this period are 13 for BlackHawks vs 14 for Avalanche.